cohdb
Replays
Latest Replays
All Replays
Popular Replays
Top Player Replays
Match Explorer
How It Works
Community
CoH3 Stats
Reddit
Sign in to upload your games and track your stats! →
Sign in with Steam
Match 40331310
Unlisted
Match 40331310
Overview
Messages
Build Orders
End
Engineer Squad
Construct Barracks
Selects Heavy Weapons
Riflemen Squad
Riflemen Squad
M1 Mortar Team
M1 Mortar Team
Construct Weapon Support Center
Selects M2HB .50cal Heavy Machine Gun
M1919 Machine Gun Team
SgtSteiner
Joe Bizon
ZyG | IronPriest
Zinnman101
Sir Ringe
티베트 혁명가 압둘라
0
0
Comments
sign in to comment!
No comments posted yet!